 Dungeon Crawl Stone Soup version 0.28.0-45-g0d030f2227 (webtiles) character file.

Game seed: 15920636145173606678

1848 DuloT34 the Covert (level 8, -2/41 HPs)
             Began as a Vampire Enchanter on May 24, 2022.
             Was an Initiate of Wu Jian.
             Slain by a gnoll
             ... wielding a +0 halberd
              (13 damage)
             ... on level 6 of the Dungeon.
             The game lasted 00:12:20 (6216 turns).

DuloT34 the Covert (Vampire Enchanter)              Turns: 6216, Time: 00:12:20

Health: -2/41      AC:  3    Str: 13    XL:     8   Next: 88%
Magic:  6/15       EV: 12    Int: 18    God:    Wu Jian [......]
Gold:   214        SH:  0    Dex: 18    Spells: 4/17 levels left

rFire   . . .      SeeInvis +   z - +4 dagger "Banwoklo" {flame, Dex+2}
rCold   + + .      Faith    +   (no shield)
rNeg    + + +      Spirit   .   b - +0 robe
rPois   ∞          Reflect  .   (no helmet)
rElec   .          Harm     .   (no cloak)
rCorr   .          Rampage  .   (no gloves)
Will    .....                   g - +0 pair of boots
Stlth   +++.......              t - amulet of faith
HPRegen 0.00/turn               y - ring of wizardry
MPRegen 0.14/turn               m - +6 ring of strength

@: lit by a corona, bloodless, inhibited regen, glowing
A: bloodless, fangs 3, see invisible, vampiric 2
a: Bat Form, Revivify, Renounce Religion


You were on level 6 of the Dungeon.
You worshipped Wu Jian.
Wu Jian was noncommittal.
You visited 2 branches of the dungeon, and saw 7 of its levels.

You collected 214 gold pieces.

Inventory:

Hand Weapons
 a - a +2 dagger
 z - the +4 dagger "Banwoklo" (weapon) {flame, Dex+2}
   (You found it on level 5 of the Dungeon)

   It burns those it strikes, dealing additional fire damage.
   Dex:       It affects your dexterity (+2).
 A - the +3 falchion of the Harvest {spect, rPois}
   (You found it on level 6 of the Dungeon)

   When its wielder attacks, the weapon's spirit leaps out and strikes again.
   The spirit shares a part of any damage it takes with its wielder.
   rPois:     It protects you from poison.
Armour
 b - a +0 robe (worn)
 g - a +0 pair of boots (worn)
Jewellery
 f - a +6 ring of intelligence
 m - a +6 ring of strength (right hand)
 t - an amulet of faith (around neck)
 y - a ring of wizardry (left hand)
Scrolls
 i - a scroll of holy word {unknown}
 k - 2 scrolls of enchant weapon
 n - 2 scrolls of identify
 o - a scroll of amnesia
 r - a scroll of fear {unknown}
 s - a scroll of noise {unknown}
 u - a scroll of enchant armour {unknown}
 v - a scroll of fog {unknown}
 x - a scroll of teleportation
Potions
 c - a potion of invisibility
 d - a potion of curing
 e - a potion of attraction
 h - a potion of berserk rage {unknown}
 j - a potion of flight {unknown}
 l - 2 potions of cancellation {unknown}
 p - a potion of haste {unknown}
 q - a potion of might {unknown}
 w - a potion of mutation {unknown}


   Skills:
 + Level 6.5 Short Blades
 - Level 2.1 Dodging
 + Level 10.2 Stealth
 + Level 5.1 Spellcasting
 + Level 9.5 Hexes


You had 4 spell levels left.
You knew the following spells:

 Your Spells              Type           Power      Damage    Failure   Level
a - Ensorcelled Hibernat  Hex/Ice        42%        N/A       1%          2
b - Confusing Touch       Hex            39%        N/A       1%          3
c - Poisonous Vapours     Pois/Air       8%         N/A       9%          2
d - Tukima's Dance        Hex            39%        N/A       1%          3
e - Dazzling Flash        Conj/Hex       42%        N/A       2%          3

Your spell library contained the following spells:

 Spells                   Type           Power      Damage    Failure   Level
 Pain                     Necr           16%        1d4       5%          1
 Sting                    Tmut/Pois      16%        1d3       5%          1
 Corpse Rot               Necr/Air       8%         N/A       9%          2
 Dispel Undead            Necr           4%         3d7       45%         4
 Olgreb's Toxic Radiance  Pois           4%         N/A       45%         4
 Agony                    Necr           4%         N/A       78%         5
 Excruciating Wounds      Necr           2%         N/A       78%         5
 Death Channel            Necr           2%         N/A       100%        6


Dungeon Overview and Level Annotations

Branches:
Dungeon (6/15)             Temple (1/1) D:5

Altars:
Ashenzari
Cheibriados
Dithmenos
Gozag
Makhleb
Nemelex Xobeh
Okawaru
Ru
Trog
Uskayaw
Wu Jian
Xom
Yredelemnul
Zin
The Shining One

Shops:
D:2 *


Innate Abilities, Weirdness & Mutations

You do not regenerate when monsters are visible.
You are frail without blood (-20% HP).
You can heal yourself when you bite living creatures.
You are immune to poison.
You have razor-sharp teeth.
You have supernaturally acute eyesight. (SInv)
You are afflicted with vampirism and can become a bat while bloodless.


Message History

The gnoll shaman invokes the aid of its god against you.
You are outlined in light.
Casting: Ensorcelled Hibernation (safe; 1% risk of failure)
Confirm with . or Enter, or press ? or * to list all spells.
Aiming: Ensorcelled Hibernation (safe; 1% risk of failure)
Press: ? - help, Shift-Dir - straight line, f - gnoll
Aim: a gnoll, wielding a +0 whip (chance to affect: 62%)
The gnoll looks drowsy...
The helpless gnoll fails to defend itself.
You bite the gnoll, and draw its blood!
You feel better.
You perforate the gnoll like a sieve!!!!
You burn the gnoll.
You kill the gnoll!
The Council accepts your kill. The adder bites you.
There is a stone staircase leading up here.
Casting: Ensorcelled Hibernation (safe; 1% risk of failure)
Confirm with . or Enter, or press ? or * to list all spells.
Aiming: Ensorcelled Hibernation (safe; 1% risk of failure)
Press: ? - help, Shift-Dir - straight line, f - adder
Aim: an adder (chance to affect: 62%)
The adder looks drowsy...
The helpless adder fails to defend itself.
You bite the adder, and draw its blood!
You feel better.
You stick the adder like a pincushion!!!!
You burn the adder.
You kill the adder!
The Council accepts your kill.
Casting: Ensorcelled Hibernation (safe; 1% risk of failure)
Confirm with . or Enter, or press ? or * to list all spells.
Aiming: Ensorcelled Hibernation (safe; 1% risk of failure)
Press: ? - help, Shift-Dir - straight line, f - gnoll
Aim: a gnoll, wielding a +0 halberd (chance to affect: 62%)
The gnoll resists with significant effort.
The gnoll shaman hits you with a +0 whip.
The gnoll hits you from afar with a +0 halberd!
The gnoll shaman hits you with a +0 whip!
* * * LOW HITPOINT WARNING * * *
The gnoll hits you from afar with a +0 halberd!
You die...

. #..#.# # ... .
#..#.# .# #.# .##
#..#.# .###..#
..####..#.#####.#...#
#.).................#
S.###.....g..g.g..#
.## #....#######g.# .
#.#.## #†g# . #.#.#
#@.#
.####.#(########..#
..................#
.####.#.......#..(#
#.#.......#...#
#.#.............
#.#.......#..(<...
#.#.......##..####
#.............#


You could see a gnoll shaman and 2 gnolls.

Vanquished Creatures
  A troll (D:5)
  A water moccasin (D:5)
  Duvessa (D:5)
  An orc warrior (D:5)
  2 black bears (D:4)
  A sky beast (D:6)
  2 necrophages
  A centaur (D:5)
  A phantom (D:6)
  3 scorpions (D:5)
  Dowan (D:5)
  A crimson imp (D:5)
  2 jellies (D:5)
  2 hounds (D:5)
  Terence (D:2)
  5 iguanas
  An orc wizard (D:3)
  3 hound skeletons
  2 gnolls (D:6)
  5 adders
  A white imp (D:5)
  A worm (D:2)
  A dart slug (D:1)
  8 orcs
  4 endoplasms
  3 giant cockroaches
  7 goblins
  A hobgoblin (D:1)
  3 jackals
  A quokka (D:1)
  9 ball pythons
  2 bats
  A frilled lizard (D:1)
  10 kobolds
  4 rats
  A spectral goblin (D:1)
94 creatures vanquished.

Notes
Turn   | Place    | Note
-------+----------+-------------------------------------------
     0 | D:1      | DuloT34 the Vampire Enchanter began the quest for the Orb.
     0 | D:1      | Reached XP level 1. HP: 13/13 MP: 3/3
   348 | D:1      | Reached XP level 2. HP: 15/15 MP: 5/5
   351 | D:1      | Learned a level 2 spell: Ensorcelled Hibernation
   469 | D:1      | Reached skill level 5 in Stealth
   861 | D:1      | Found a faded altar of an unknown god.
  1125 | D:2      | Reached skill level 5 in Hexes
  1125 | D:2      | Gained mutation: You are afflicted with vampirism and can
                  | become a bat while bloodless. [Vampire growth]
  1125 | D:2      | Reached XP level 3. HP: 19/19 MP: 6/6
  1317 | D:2      | Learned a level 3 spell: Confusing Touch
  1400 | D:2      | Noticed Terence
  1408 | D:2      | Killed Terence
  1409 | D:2      | Reached XP level 4. HP: 24/24 MP: 2/7
  1950 | D:2      | Found Ubuisocha's Assorted Antiques.
  2125 | D:3      | Reached skill level 6 in Stealth
  2938 | D:3      | Learned a level 2 spell: Poisonous Vapours
  3275 | D:4      | Noticed a black bear
  3282 | D:4      | Killed a black bear
  3283 | D:4      | Reached XP level 5. HP: 28/28 MP: 8/8
  3383 | D:4      | Noticed a black bear
  3959 | D:4      | Noticed a necrophage
  3979 | D:4      | Killed a necrophage
  3980 | D:4      | Reached skill level 7 in Stealth
  3980 | D:4      | Reached XP level 6. HP: 32/32 MP: 3/10
  4590 | D:5      | Entered Level 5 of the Dungeon
  4683 | D:5      | Reached XP level 7. HP: 36/36 MP: 11/11
  4706 | D:5      | Found a staircase to the Ecumenical Temple.
  4795 | Temple   | Entered the Ecumenical Temple
  4807 | Temple   | Became a worshipper of the Wu Jian Council
  4874 | D:5      | Reached skill level 8 in Stealth
  5040 | D:5      | Learned a level 3 spell: Tukima's Dance
  5044 | D:5      | Learned a level 3 spell: Dazzling Flash
  5078 | D:5      | Found a hide-covered altar of Uskayaw.
  5139 | D:5      | Noticed Dowan
  5140 | D:5      | Noticed Duvessa
  5144 | D:5      | Killed Duvessa
  5145 | D:5      | Reached skill level 5 in Short Blades
  5146 | D:5      | Killed Dowan
  5523 | D:5      | Reached XP level 8. HP: 41/41 MP: 14/14
  5627 | D:5      | Found an opulent altar of Gozag.
  5630 | D:5      | Found a broken altar of Ashenzari.
  5635 | D:5      | Reached skill level 9 in Stealth
  5664 | D:5      | Found a sparkling altar of Nemelex Xobeh.
  5666 | D:5      | Found a burning altar of Makhleb.
  5667 | D:5      | Found a shimmering altar of Xom.
  5700 | D:5      | Noticed a troll
  5733 | D:5      | Killed a troll
  6101 | D:5      | Identified the +4 dagger "Banwoklo" {flame, Dex+2}
  6150 | D:6      | Reached skill level 10 in Stealth
  6150 | D:6      | Reached skill level 5 in Spellcasting
  6158 | D:6      | Identified the +3 falchion of the Harvest {spect, rPois}
  6216 | D:6      | Slain by a gnoll

Illustrated notes

Levels and vault maps discovered:
D:1:      eino_arrival_water_star, layout_basic,
          dreamdust_ecumenical_altar_drowned_temple
D:2:      layout_basic, serial_shops, shop, uniq_terence
D:3:      layout_basic
D:4:      layout_basic, nicolae_figureground_sparkle
D:5:      minmay_chambers_of_fours, layout_basic, minitemple, lemuel_tele_altar,
          minmay_temple_entry_drinking_statues, st_stairs_11,
          minmay_fire_ice_demons, uniq_duvessa
D:6:      layout_loops_ring
Temple:   eino_temple_water

Skill      XL: |  1  2  3  4  5  6  7  8 |
---------------+-------------------------+-----
Stealth        | 5 6 7 8 10 | 10.2
Short Blades   | 2 3 4 5 6 |  6.5
Hexes          | 5 6 7 8 9 |  9.5
Spellcasting   | 3 4 5 |  5.1
Dodging        | |  2.1

Action                   |  1- 3 |  4- 6 |  7- 9 || total
-------------------------+-------+-------+-------++-------
Melee: Dagger            |    49 |    80 |    58 ||   187
       Bite              |     2 |     6 |     2 ||    10
       Punch             |       |     1 |       ||     1
 Cast: Ensorcelled Hiber |     6 |    29 |    25 ||    60
       Confusing Touch   |       |     2 |     4 ||     6
Invok: Lunge             |       |       |     9 ||     9
 Abil: Exsanguinate      |     1 |       |       ||     1
       End Transformatio |       |     1 |       ||     1
       Bat Form          |       |     1 |       ||     1
  Use: Scroll            |     5 |     3 |       ||     8
 Stab: Sleeping          |    22 |    23 |    26 ||    71
       Confused          |       |     1 |     3 ||     4
Armor: Robe              |     6 |     7 |    12 ||    25
Dodge: Dodged            |    21 |    35 |    23 ||    79
